 Dungeon Crawl Stone Soup version 0.32-a0-131-g9dbbe29261 (webtiles) character file.

Game seed: 6654440939426694359

2131625 pokeman the Archmage (level 27, 163/163 HPs)
             Began as a Deep Elf Hedge Wizard on Feb 8, 2024.
             Was the Champion of Vehumet.
             Escaped with the Orb
             ... and 4 runes!
             The game lasted 04:14:33 (83242 turns).

pokeman the Archmage (Deep Elf Hedge Wizard)       Turns: 83242, Time: 04:14:33

Health: 163/163    AC: 41    Str: 13    XL:     27
Magic:  65/65      EV:  8    Int: 42    God:    Vehumet [******]
Gold:   7861       SH:  0    Dex: 13    Spells: 16/80 levels left

rFire   + + +        E - staff "Exaku" {rF+ Conj Air}
rCold   . . .        Z - sphere of Battle
rNeg    . . .        Q - +11 shadow dragon scales
rPois   +            O - +2 helmet {SInv}
rElec   .            H - scarf {rC+ rF+}
rCorr   +            a - +2 pair of gloves "Birotus" {rF+ rCorr Slay-4 Stlth+}
SInv    +            y - +4 pair of boots of Resourcefulness {Str+5}
Will    ++...        m - amulet of magic regeneration
Stlth   ++           V - ring of fire
HPRegen 0.47/turn    t - ring of Disaster {rPois MP+9 Str+2 Int+4}
MPRegen 0.79/turn

%: clarity
@: studying 2 skills
A: clarity, clever 1, mutation resistance 1
0: Orb of Zot
}: 4/15 runes: decaying, slimy, silver, gossamer
a: Renounce Religion


You escaped.
You worshipped Vehumet.
Vehumet was exalted by your worship.
You visited 12 branches of the dungeon, and saw 56 of its levels.
You also visited: Gauntlet and Wizlab.

You collected 10496 gold pieces.
You spent 2635 gold pieces at shops.

Inventory:

Armour
 a - the +2 pair of gloves "Birotus" (worn) {rF+ rCorr Slay-4 Stlth+}
   (You acquired it in the Ecumenical Temple)

   Slay-4:    It affects your accuracy & damage with ranged weapons and melee
   (-4).
   rF+:       It protects you from fire.
   rCorr:     It protects you from acid and corrosion.
   Stlth+:    It makes you more stealthy.
 y - the +4 pair of boots of Resourcefulness (worn) {Str+5}
   (You found it in a Gauntlet)

   Str+5:     It affects your strength (+5).
 H - a scarf of resistance (worn)
 O - a +2 helmet of see invisible (worn)
 Q - +11 shadow dragon scales (worn)
 Z - the sphere of Battle (worn)
   (You found it on level 3 of the Elven Halls)

   Battle:    It summons a battlesphere in combat, with strength depending on
   Conjurations skill.
   Destructive: It enhances your destructive magic, and weakens non-destructive
   magic.
Magical Staves
 E - the staff "Exaku" (weapon) {rF+ Conj Air}
   (You found it on level 5 of the Vaults)

   [staff of conjuration]

   Base accuracy: +5 Base damage: 5 Base attack delay: 1.2 This weapon's minimum
   attack delay (0.6) is reached at skill level 12.
   rF+:       It protects you from fire.
   Conj:      It increases the power of your Conjurations spells.
   Air:       It increases the power of your Air spells.
   It falls into the 'Staves' category.
   It is a one-handed weapon.
Jewellery
 c - a ring of protection from fire
 m - an amulet of magic regeneration (around neck)
 t - the ring of Disaster (right hand) {rPois MP+9 Str+2 Int+4}
   (You took it off a vault sentinel on level 5 of the Vaults)

   [ring of magical power]

   Str+2:     It affects your strength (+2).
   Int+4:     It affects your intelligence (+4).
   rPois:     It protects you from poison MP+9: It affects your magic capacity
   (+9).
 B - the ring "Dubbadar" {Fly Str+8}
   (You found it in a Gauntlet)

   [ring of flight]

   Str+8:     It affects your strength (+8).
   Fly:       It grants you flight.
 V - a ring of fire (left hand)
Wands
 b - a wand of quicksilver (22)
 J - a wand of digging (16)
Scrolls
 e - 30 scrolls of teleportation
 g - 6 scrolls of revelation
 h - 2 scrolls of fear
 l - 10 scrolls of fog
 S - 3 scrolls of blinking
Potions
 d - 7 potions of magic
 f - 30 potions of curing
 i - a potion of cancellation
 j - 16 potions of heal wounds
 k - a potion of berserk rage
 n - a potion of lignification
 u - 6 potions of resistance
 G - 21 potions of haste
Miscellaneous
 q - a phantom mirror
 v - a lightning rod (4/4)
 F - a phial of floods
 K - a box of beasts
 X - a condenser vane


   Skills:
 - Level 14.0 Fighting
 - Level 14.0 Armour
 - Level 3.1 Dodging
 - Level 3.0 Stealth
 - Level 10.7 Shields
 O Level 27 Spellcasting
 O Level 27 Conjurations
 - Level 1.1 Summonings
 + Level 22.9 Necromancy
 - Level 1.1 Translocations
 O Level 27 Fire Magic
 - Level 1.0 Ice Magic
 - Level 2.2 Air Magic
 - Level 1.0 Earth Magic
 - Level 1.1 Alchemy
 - Level 1.0 Evocations


You had 16 spell levels left.
You knew the following spells:

 Your Spells              Type           Power      Damage    Failure   Level
a - Magic Dart            Conj           100%       1d8       0%          1
b - Mephitic Cloud        Conj/Alch/Air  100%       N/A       1%          3
c - Call Imp              Summ           64%        N/A       3%          2
d - Blink                 Tloc           64%        N/A       3%          2
e - Fireball              Conj/Fire      100%       3d36      0%          5
f - Iskenderun's Battles  Conj           100%       2d15      0%          5
g - Stone Arrow           Conj/Erth      100%       3d13      1%          3
h - Orb of Destruction    Conj           94%        9d20      1%          7
i - Freezing Cloud        Conj/Ice/Air   85%        6-21      1%          5
j - Lee's Rapid Deconstr  Erth           39%        3d19*     16%         5
k - Starburst             Conj/Fire      100%       6d25      0%          6
l - Swiftness             Air            66%        N/A       3%          3
m - Ignition              Fire           94%        3d24      1%          8
n - Fire Storm            Conj/Fire      100%       8d25      1%          9

Your spell library contained the following spells:

 Spells                   Type           Power      Damage    Failure   Level
 Chain Lightning          Conj/Air       92%        3d123     87%         9
 Foxfire                  Conj/Fire      100%       2x1d9     0%          1
 Kiss of Death            Conj/Necr      100%       2d13      0%          1
 Necrotise                Necr           100%       1d9       0%          1
 Shock                    Conj/Air       100%       1d9       0%          1
 Sting                    Conj/Alch      100%       1d9       0%          1
 Scorch                   Fire           100%       2d9       0%          2
 Searing Ray              Conj           100%       2d8       0%          2
 Static Discharge         Conj/Air       100%       3-8/arc   0%          2
 Sublimation of Blood     Necr           90%        N/A       0%          2
 Fugue of the Fallen      Necr           90%        N/A       0%          3
 Vampiric Draining        Necr           90%        2d12      0%          3
 Animate Dead             Necr           90%        N/A       0%          4
 Dispel Undead            Necr           90%        3d29      0%          4
 Flame Wave               Conj/Fire      100%       2d21      0%          4
 Curse of Agony           Necr           90%        N/A       0%          5
 Sandblast                Erth           100%       2d20      1%          1
 Cigotuvi's Dreadful Rot  Necr/Alch/Air  100%       N/A       1%          2
 Mercury Vapours          Alch/Air       100%       N/A       1%          2
 Dazzling Flash           Conj/Hex       100%       N/A       1%          3
 Hailstorm                Conj/Ice       100%       3d16      1%          3
 Inner Flame              Hex/Fire       100%       N/A       1%          3
 Volatile Blastmotes      Fire/Tloc      100%       2d18      1%          3
 Anguish                  Hex/Necr       33%        N/A       1%          4
 Brom's Barrelling Bould  Conj/Erth      100%       2d11      1%          4
 Fulminant Prism          Conj/Alch      78%        3d31      1%          4
 Ignite Poison            Fire/Alch      100%       N/A       1%          4
 Iskenderun's Mystic Bla  Conj/Tloc      100%       2d19      1%          4
 Martyr's Knell           Necr/Summ      68%        N/A       1%          4
 Sticky Flame             Fire/Alch      100%       2d15      1%          4
 Arcjolt                  Conj/Air       92%        1d102     1%          5
 Borgnjor's Vile Clutch   Necr/Erth      34%        N/A       1%          5
 Irradiate                Conj/Alch      78%        3d37      1%          5
 Conjure Ball Lightning   Conj/Air       92%        3x3d35    1%          6
 Death Channel            Necr           45%        N/A       1%          6
 Plasma Beam              Fire/Air       92%        2x1d111   1%          6
 Borgnjor's Revivificati  Necr           45%        N/A       1%          8
 Infestation              Necr           45%        N/A       1%          8
 Slow                     Hex            100%       N/A       3%          1
 Airstrike                Air            53%        2d(8-24)  3%          4
 Ensorcelled Hibernation  Hex/Ice        60%        N/A       4%          2
 Jinxbite                 Hex            56%        N/A       4%          2
 Olgreb's Toxic Radiance  Alch           79%        N/A       5%          4
 Call Canine Familiar     Summ           32%        N/A       6%          3
 Gell's Gravitas          Tloc           32%        N/A       6%          3
 Ozocubu's Armour         Ice            32%        N/A       6%          3
 Passwall                 Erth           32%        N/A       6%          3
 Summon Ice Beast         Ice/Summ       32%        N/A       6%          3
 Teleport Other           Tloc           32%        N/A       6%          3
 Confusing Touch          Hex            28%        N/A       10%         3
 Sigil of Binding         Hex            28%        N/A       10%         3
 Tukima's Dance           Hex            28%        N/A       10%         3
 Summon Lightning Spire   Summ/Air       63%        N/A       16%         4
 Vhi's Electric Charge    Tloc/Air       100%       N/A       16%         4
 Yara's Violent Unravell  Hex/Alch       37%        3d15      17%         5
 Lehudib's Crystal Spear  Conj/Erth      78%        10d18     17%         8
 Passage of Golubria      Tloc           32%        N/A       21%         4
 Haunt                    Necr/Summ      34%        N/A       21%         7
 Dimensional Bullseye     Hex/Tloc       15%        N/A       26%         4
 Death's Door             Necr           45%        N/A       26%         9
 Silence                  Hex/Air        30%        N/A       50%         5
 Metabolic Englaciation   Hex/Ice        15%        N/A       58%         5
 Summon Mana Viper        Hex/Summ       30%        N/A       58%         5
 Dispersal                Tloc           16%        N/A       97%         6
 Sculpt Simulacrum        Ice/Alch       16%        N/A       97%         6
 Summon Cactus Giant      Summ           16%        N/A       97%         6
 Enfeeble                 Hex            14%        N/A       100%        7
 Maxwell's Capacitive Co  Air            53%        ∞         100%        8


Dungeon Overview and Level Annotations

Branches:
Dungeon (15/15)            Temple (1/1) D:5            Lair (5/5) D:9
  Swamp (4/4) Lair:2       Spider (4/4) Lair:2        Slime (5/5) Lair:4
    Orc (2/2) D:10            Elf (3/3) Orc:2        Vaults (5/5) D:14
  Crypt (3/3) Vaults:3       Tomb (0/3) Crypt:3      Depths (4/4) D:15
    Zot (5/5) Depths:4     WizLab (visited)         Gauntlet (visited)

Altars:
Ashenzari
Cheibriados
Dithmenos
Elyvilon
Fedhas
Gozag
Hepliaklqana
Kikubaaqudgha
Makhleb
Nemelex Xobeh
Okawaru
Qazlal
Ru
Sif Muna
Trog
Uskayaw
Vehumet
Wu Jian
Xom
Yredelemnul
Zin
The Shining One
Jiyva
Lugonu

Shops:
D:10 =*   D:12 *   D:14 *!   D:15 :   Orc:1 (   Orc:2 !=*((   Vaults:1 !
Vaults:3 [

Portals:
Hell: Depths:1 Depths:2 Depths:3 Depths:4
Abyss: Lair:5 Depths:1 Depths:3
Pandemonium: Orc:2 Depths:2 Depths:4
Ziggurat: Depths:3


Innate Abilities, Weirdness & Mutations

You possess an exceptional clarity of mind.
Your mind is acute. (Int +4, Str/Dex -1)
You are somewhat resistant to further mutation.


Message History

There is a stone staircase leading up here.
The hellwing closely misses you.
The hellwing hits you but does no damage.
You climb upwards.
You feel your bond with your battlesphere wane.
You conjure a globe of magical energy.
There is a stone staircase leading down here.
Casting: Fire Storm (dangerous; 1% risk of failure)
Confirm with . or Enter, or press ? or * to list all spells.
You feel a numb sensation.
You blink.
The hellwing swoops through the air toward you!
The hellwing completely misses you.
The hellwing hits you but does no damage.
Press: ? - help, v - describe, . - travel
Here: a hellwing The floor.
Casting: Blink (safe; 3% risk of failure)
Confirm with . or Enter, or press ? or * to list all spells.
Aiming: Fireball (safe; 0% risk of failure)
Press: ? - help, Shift-Dir - straight line You feel a huge surge of power!
The fireball explodes!
The fireball engulfs the hellwing!!!
You kill the hellwing!
Vehumet accepts your kill.
You feel your power returning.
You feel ready to blink again.
There is a stone staircase leading up here.
You climb upwards.
Your summoned ally is left behind.
Your battlesphere wavers and loses cohesion.
There is a stone staircase leading down here.
There is a stone staircase leading up here.
You climb upwards.
There is a stone staircase leading down here.
There is a stone staircase leading down here.
You see here a hobgoblin skeleton.
There is a stone staircase leading up here.
You climb upwards.
There is a stone staircase leading down here.
There is a staircase leading out of the dungeon here.
You have escaped!

####......# #.#.#.##..#.#
###.........# #.#.#.##..#.#
.....#.#....# #.#.#.....#.#
###..#.#....###.#.####.##.#
#....#.....##.#.......#.#
##.............######..#.#
#.......#.#..### #..#.#
##.......#.#..########..#.#
##.....).'.#...>@....#..#.#
'........###..######.#..#.#####
##......÷.....# ##....#.....#
###.########.### #...#.#.###.#
#.# #.......# #>###.#...#.#
#.####.###.#.####.# #.#.#.#.#
##.#.÷#...÷.#....#.# #.#.#.#.#
#.....#.....####.#.# #.#.#.#.#
#..#.##.....####.#.# #.#.#...#


There were no monsters in sight!

Vanquished Creatures
  the Royal Jelly (Slime:5)
  6 dread liches
  5 orbs of fire (Zot:5)
  2 ancient liches
  Xtahua (Vaults:4)
  Josephina (Crypt:3)
  Parghit (Zot:2)
  7 Killer Klowns
  A curse toe (Zot:5)
  8 golden dragons
  The ghost of Neghedd the Devastator, a veteran GrEE of Lugonu (Crypt:3)
  A profane servitor (Crypt:3)
  3 bone dragons
  2 doom hounds (Depths:4)
  13 tentacled monstrosities
  4 electric golems
  4 liches
  The ghost of HilariousDeathArtist the Crack Shot, an adept DgGl (Vaults:1)
  Jorgrun (Swamp:1)
  A walking earthen tome (Depths:1)
  25 Orb Guardians (Zot:5)
  Rupert (D:12)
  4 quicksilver dragons
  Grunn (Depths:4)
  A walking divine tome (Depths:1)
  3 deep elf blademasters
  2 titans (Vaults:5)
  5 sphinxes
  3 deep elf master archers (Elf:3)
  3 walking crystal tomes (Depths:1)
  A shard shrike skeleton (Crypt:3)
  The ghost of Doehiogo the Eclecticist, an adept DsRe of Vehumet (Spider:3)
  11 ancient champions
  Kirke (D:12)
  17 acid blobs
  A thorn hunter (Swamp:1)
  Aizul (Elf:3)
  6 tengu reavers
  12 storm dragons
  11 death cobs
  An azure jelly (shapeshifter) (Depths:3)
  17 shadow dragons
  3 draconian monks
  14 rockslimes
  8 revenants
  A sphinx (shapeshifter) (Depths:3)
  8 azure jellies
  5 deep elf sorcerers
  2 draconian shifters (Zot:3)
  4 fenstrider witches (Swamp:4)
  7 fire giants
  26 vault wardens
  7 emperor scorpions
  13 draconian knights
  7 draconian scorchers
  4 protean progenitors
  7 frost giants
  11 deep elf elementalists (Elf:3)
  2 iron dragons
  A frost giant (shapeshifter) (Depths:3)
  2 curse skulls
  A caustic shrike zombie (WizLab)
  9 ghost moths
  12 ghouls
  8 draconian stormcallers
  An orc warlord (Vaults:2)
  6 formless jellyfish
  31 very ugly things
  2 spriggan defenders
  24 ironbound preservers
  5 reapers
  11 stone giants
  20 quicksilver oozes
  7 draconian annihilators
  8 ironbound thunderhulks
  2 broodmothers
  A formless jellyfish (shapeshifter) (Depths:3)
  6 black draconians
  14 green draconians
  7 vampire knights
  6 eleionomae
  12 deep elf death magi
  5 deep elf annihilators
  A lorocyproca (Depths:4)
  5 deep elf demonologists
  An eleionoma (shapeshifter) (Depths:3)
  3 bunyips (Swamp:4)
  6 dire elephants
  4 halazid warlocks (WizLab)
  A minotaur (Gauntlet)
  Nessos (Lair:5)
  A putrid mouth (Depths:4)
  11 yellow draconians
  Azrael (D:13)
  A spectral titan (WizLab)
  11 purple draconians
  Snorg (D:10)
  4 spark wasps
  9 white draconians
  7 red draconians
  2 mummy priests (Crypt:3)
  A crystal guardian (Vaults:3)
  6 eidola
  14 war gargoyles
  10 ettins
  6 blizzard demons
  3 deep elf high priests
  12 jiangshi
  A green death (Depths:1)
  A shambling mangrove (Swamp:4)
  The ghost of Teolusk the Martial Artist, a journeyman DsMo of Hepliaklqana (D:14)
  A quicksilver dragon zombie (Crypt:3)
  4 entropy weavers
  7 fire dragons
  An entropy weaver (shapeshifter) (D:14)
  15 yaktaur captains
  34 vault guards
  2 hell beasts
  4 rakshasas
  8 ice dragons
  13 great orbs of eyes
  3 peacekeepers (Vaults:3)
  An alligator (shapeshifter) (Depths:3)
  A ghost crab (Swamp:4)
  4 jorogumos
  2 spriggan air magi
  5 catoblepae
  10 ogre magi
  A boulder beetle (shapeshifter) (Depths:3)
  12 ironbound frosthearts
  2 demonspawn (Orc:2)
  4 hydras
  14 alligators
  4 death knights
  Erica (Lair:2)
  46 dancing weapons
  A fenstrider witch skeleton (Crypt:2)
  A radroach (Spider:4)
  9 boulder beetles
  3 deep troll shamans
  7 two-headed ogres
  12 centaur warriors
  An Orb Guardian zombie (Crypt:1)
  A death scarab (Spider:4)
  6 vampire magi
  10 tengu warriors
  An azure jelly zombie (Crypt:2)
  11 orc high priests
  7 deep troll earth magi
  3 demonic crawlers
  3 thrashing horrors (Lair:5)
  2 soul eaters
  A spriggan berserker (Depths:2)
  2 occultists (Swamp:4)
  5 hell knights (Depths:2)
  A shock serpent (shapeshifter) (Depths:3)
  2 sun demons
  18 deep elf knights
  A storm dragon zombie (Crypt:2)
  2 skysharks
  A salamander mystic (Depths:1)
  A sixfirhy (Swamp:4)
  22 skeletal warriors
  5 iron trolls
  9 shadow wraiths
  Lodul (D:12)
  A spectral spark wasp (WizLab)
  A bunyip zombie (Crypt:3)
  9 spriggan druids
  4 large abominations
  5 goliath frogs
  A glowing orange brain (shapeshifter) (Vaults:5)
  10 glowing orange brains
  5 pharaoh ants
  2 spark wasp zombies (WizLab)
  9 orb spiders
  A death drake (Swamp:4)
  5 flayed ghosts
  7 lindwurms
  A spriggan simulacrum (Crypt:3)
  2 sun moths
  4 swamp dragons
  4 obsidian statues (Depths:3)
  10 bog bodies
  79 deep trolls
  A mana viper (shapeshifter) (Depths:3)
  7 arcanists
  2 orange crystal statues
  A swamp dragon (shapeshifter) (D:9)
  16 deep elf archers
  5 necromancers
  Pikel (D:6)
  A harpy (Vaults:1)
  24 ironbound convokers
  41 deep elf pyromancers
  2 steelbarb worms (shapeshifter)
  2 spectral wolf spiders (WizLab)
  15 phantasmal warriors
  9 steelbarb worms
  27 deep elf zephyrmancers
  A spectral spriggan (WizLab)
  5 cyclopes
  10 orc knights
  19 wolf spiders
  35 ugly things
  7 orc sorcerers
  A faun (shapeshifter) (Depths:3)
  A moth of wrath (shapeshifter) (Depths:3)
  8 manticores
  4 shining eyes
  6 will-o-the-wisps
  3 meliai (D:15)
  2 cyclopes (shapeshifter)
  16 vault sentinels
  8 elephants
  3 salamanders (Depths:1)
  2 meliai (shapeshifter)
  17 moths of wrath
  An iron dragon skeleton (Crypt:2)
  2 centaur zombies (Crypt:3)
  6 black mambas
  Joseph (D:7)
  The ghost of pokeman the Thaumaturge, a novice DEHW of Vehumet (D:6)
  4 eyes of devastation
  A frost giant skeleton (Crypt:1)
  3 smoke demons
  3 torpor snails
  A mana viper zombie (Crypt:2)
  Maggie (D:7)
  4 gargoyles (D:14)
  2 dire elephant skeletons
  A centaur skeleton (Crypt:3)
  An alligator snapping turtle zombie (Crypt:3)
  11 cane toads
  2 torpor snails (shapeshifter)
  2 orange demons (Swamp:4)
  A purple draconian zombie (Crypt:1)
  A molten gargoyle (Depths:3)
  A cane toad (shapeshifter) (D:14)
  An unseen horror (shapeshifter) (Elf:2)
  2 minotaur zombies (Gauntlet)
  A yaktaur (shapeshifter) (Vaults:5)
  2 freezing wraiths
  A kobold demonologist (D:11)
  6 komodo dragons
  6 rime drakes
  An efreet (D:14)
  A red draconian zombie (Crypt:1)
  7 tengu conjurers
  30 yaktaurs
  6 guardian mummies (Crypt:3)
  A harpy zombie (Crypt:3)
  An ice devil (D:5)
  A polar bear (Lair:1)
  A red devil (Orc:2)
  12 tyrant leeches
  20 hornets
  A polar bear (shapeshifter) (Lair:5)
  2 bloated husks (Swamp:4)
  A queen bee (Gauntlet)
  A blink frog (shapeshifter) (Elf:2)
  3 wind drakes (Depths:3)
  6 trolls
  2 hellwings
  29 tarantellas
  A raiju (Lair:5)
  A boulder beetle zombie (Crypt:2)
  3 glass eyes
  A harpy skeleton (Crypt:2)
  18 blink frogs
  A radroach zombie (Crypt:2)
  An ettin zombie (Crypt:3)
  A culicivora (shapeshifter) (Depths:3)
  A shadow (D:11)
  3 air elementals
  A jumping spider (shapeshifter) (Vaults:5)
  106 slime creatures
  7 wraiths
  Sigmund (D:5)
  20 culicivoras
  27 jumping spiders
  An ice dragon skeleton (Crypt:2)
  4 ynoxinuls
  A spriggan (shapeshifter) (Lair:5)
  2 hogs (D:12)
  2 ushabtiu (Crypt:3)
  20 spriggans
  10 water elementals
  60 yaks
  3 wargs
  A wyvern (Lair:3)
  3 golden eyes
  11 fire elementals
  Eustachio (D:6)
  7 basilisks
  2 steam dragons
  52 redbacks
  5 chaos spawn
  21 vampire mosquitoes
  2 harpy simulacra (Crypt:3)
  3 swamp worms (shapeshifter)
  A hydra simulacrum (Crypt:3)
  13 swamp worms
  A cane toad zombie (Crypt:2)
  11 water moccasins
  3 hell hounds
  A two-headed ogre skeleton (Crypt:3)
  29 orc warriors
  A swamp drake (Swamp:3)
  5 black bears
  An ettin simulacrum (Crypt:3)
  28 laughing skulls
  17 ogres
  17 wolves
  A swamp dragon skeleton (Crypt:1)
  2 ice beasts
  5 centaurs
  6 small abominations (Lair:5)
  A boggart (Vaults:3)
  2 lemures (D:6)
  A lindwurm skeleton (Crypt:3)
  4 kobold brigands
  A phantom (D:7)
  19 bullfrogs
  3 elf zombies (Elf:1)
  15 earth elementals
  2 gnoll sergeants
  2 necrophages
  3 scorpions
  6 wights
  26 killer bees
  A water moccasin skeleton (Crypt:3)
  A shapeshifter skeleton (Crypt:2)
  2 troll skeletons (Crypt:3)
  5 howler monkeys
  5 electric eels
  3 lava snakes (Lair:5)
  2 jellies
  28 orc priests
  7 hounds
  A human zombie (Crypt:1)
  4 gnoll boudas
  3 iguanas
  22 orc wizards
  10 hell rats
  A crocodile zombie (Crypt:2)
  A hound zombie (Crypt:1)
  The ghost of Bravepunisher the Ducker, a weakling SpMo (D:8)
  10 mummies (Crypt:3)
  4 adders
  20 gnolls
  3 white imps
  2 ufetubi (D:6)
  2 dart slugs
  3 ribbon worms
  68 orcs
  6 endoplasms
  5 giant cockroaches
  5 goblins
  3 hobgoblins
  2 jackals (D:2)
  12 kobolds
  6 quokkas
  9 ball pythons
  3 bats (D:1)
  6 frilled lizards
  An orc skeleton (Crypt:2)
  A quokka zombie (Crypt:1)
  2 rats
  6 aspiring fleshes
  6 ball lightnings (Depths:3)
  2 fire vortices (Depths:3)
2567 creatures vanquished.

Vanquished Creatures (collateral kills)
  A golden dragon (Zot:2)
  Jory (Vaults:4)
  A draconian knight (Zot:3)
  A formless jellyfish (shapeshifter) (Depths:3)
  2 jiangshi (Crypt:3)
  A centaur warrior (Vaults:2)
  A necromancer (Depths:2)
  An ugly thing (Depths:1)
  A moth of wrath (Zot:2)
  A yaktaur (Vaults:2)
  A spriggan (shapeshifter) (Depths:3)
  A slime creature (Slime:5)
  A centaur simulacrum (Crypt:3)
  A guardian serpent skeleton (Crypt:3)
  A spriggan (Depths:2)
  A necrophage (Crypt:3)
  A killer bee (Gauntlet)
  A bombardier beetle (D:5)
  A hound (D:4)
  A sleepcap (D:5)
  An iguana (D:6)
  2 mummies (Crypt:3)
  3 orcs (Vaults:5)
  An endoplasm (D:4)
  A ball python (D:4)
  A gnoll zombie (Crypt:1)
  An aspiring flesh (Zot:4)
31 creatures vanquished.

Vanquished Creatures (others)
  An ironbound preserver (Vaults:5)
  A deep elf knight (Elf:2)
  A deep troll (Depths:2)
  A killer bee (D:11)
  4 ball lightnings (Depths:3)
  511 fire vortices
  17 foxfires
536 creatures vanquished.

Grand Total: 3134 creatures vanquished

Notes
Turn   | Place    | Note
-------+----------+-------------------------------------------
     0 | D:1      | pokeman the Deep Elf Hedge Wizard began the quest for the
                  | Orb.
     0 | D:1      | Reached XP level 1. HP: 10/10 MP: 7/7
   185 | D:1      | Reached XP level 2. HP: 15/15 MP: 4/9
   897 | D:1      | Reached skill level 5 in Spellcasting
  1243 | D:2      | Reached XP level 3. HP: 20/20 MP: 2/11
  1247 | D:2      | Learned a level 3 spell: Mephitic Cloud
  1250 | D:2      | Learned a level 2 spell: Call Imp
  1254 | D:2      | Learned a level 2 spell: Blink
  1792 | D:2      | Reached skill level 1 in Armour
  2008 | D:3      | Reached skill level 1 in Fighting
  2611 | D:3      | Reached XP level 4. HP: 25/25 MP: 6/13
  2834 | D:4      | Noticed a scorpion
  2946 | D:4      | Killed a scorpion
  2947 | D:4      | Reached XP level 5. HP: 20/29 MP: 7/15
  3099 | D:4      | Noticed a black bear
  3155 | D:4      | Killed a black bear
  3156 | D:4      | Reached skill level 1 in Air Magic
  3156 | D:4      | Reached skill level 1 in Alchemy
  3156 | D:4      | Reached XP level 6. HP: 16/34 MP: 2/17
  3317 | D:4      | Found an ancient bone altar of Kikubaaqudgha.
  4008 | D:5      | Entered Level 5 of the Dungeon
  4311 | D:5      | Noticed Sigmund
  4325 | D:5      | Reached XP level 7. HP: 30/40 MP: 13/20
  4334 | D:5      | Killed Sigmund
  4395 | D:5      | Found a staircase to the Ecumenical Temple.
  4402 | Temple   | Entered the Ecumenical Temple
  4594 | D:5      | Reached skill level 1 in Evocations
  4633 | D:5      | Learned a level 5 spell: Fireball
  4639 | D:5      | Learned a level 5 spell: Iskenderun's Battlesphere
  4682 | D:5      | Found a radiant altar of Vehumet.
  4697 | D:5      | Became a worshipper of Vehumet
  4740 | D:5      | Reached skill level 1 in Fire Magic
  4909 | D:5      | Reached XP level 8. HP: 44/44 MP: 11/23
  5244 | D:5      | Found a hazy altar of Hepliaklqana.
  5679 | D:6      | Found a white marble altar of Elyvilon.
  5732 | D:6      | Noticed Eustachio
  5783 | D:6      | Killed Eustachio
  5784 | D:6      | Reached skill level 10 in Spellcasting
  5974 | D:6      | Found a runed translucent door.
  5974 | D:6      | Noticed pokeman's ghost (novice DEHW)
  5996 | D:6      | Noticed Pikel
  6024 | D:6      | Killed Pikel
  6025 | D:6      | Reached skill level 5 in Conjurations
  6165 | D:6      | Reached XP level 9. HP: 32/48 MP: 19/26
  6302 | D:6      | Found a glowing golden altar of the Shining One.
  6309 | D:6      | Reached * piety under Vehumet
  6309 | D:6      | Offered knowledge of Kiss of Death by Vehumet.
  6339 | D:6      | Noticed an angel
  6344 | D:6      | Found a basalt altar of Yredelemnul.
  6346 | D:6      | Noticed a profane servitor
  6385 | D:6      | Found a bloodstained altar of Trog.
  6536 | D:6      | Found a glowing silver altar of Zin.
  6939 | D:7      | Noticed Maggie
  6965 | D:7      | Killed Maggie
  7147 | D:7      | Noticed a boulder beetle
  7147 | D:7      | Noticed a brown ugly thing
  7184 | D:7      | Killed a boulder beetle
  7391 | D:7      | Reached skill level 5 in Fire Magic
  7618 | D:7      | Found a shimmering altar of Xom.
  7629 | D:7      | Found a snail-covered altar of Cheibriados.
  7681 | D:7      | Noticed Joseph
  7700 | D:7      | Killed Joseph
  7831 | D:7      | Reached XP level 10. HP: 56/56 MP: 8/28
  8346 | D:7      | Killed a brown ugly thing
  8848 | D:8      | Identified the +5 rapier "Killer Klown's Peril" {antimagic,
                  | rF+}
  8954 | D:8      | Found a shimmering blue altar of Sif Muna.
  8958 | D:8      | Found a runed translucent door.
  8959 | D:8      | Noticed Bravepunisher's ghost (weakling SpMo)
  8960 | D:8      | Identified the +1 spear of Ychaw {holy, rPois}
  9143 | D:8      | Identified the +0 robe of Gozag's Envy {rElec rCorr Dex+3}
  9145 | D:8      | Noticed an arcanist
  9149 | D:8      | Killed an arcanist
  9149 | D:8      | Reached ** piety under Vehumet
  9614 | D:9      | Offered knowledge of Scorch by Vehumet.
  9800 | D:9      | Noticed a two-headed ogre
  9958 | D:9      | Killed a two-headed ogre
 10085 | D:9      | Reached XP level 11. HP: 61/61 MP: 1/31
 10312 | D:9      | Found a staircase to the Lair.
 10391 | D:9      | Found a sparkling altar of Nemelex Xobeh.
 10391 | D:9      | You fall into a shaft and drop 3 floors!
 10426 | D:11     | Reached skill level 1 in Shields
 10426 | D:11     | Reached skill level 15 in Spellcasting
 10815 | D:11     | Noticed a two-headed ogre
 10820 | D:11     | Killed a two-headed ogre
 11355 | D:10     | Entered Level 10 of the Dungeon
 11355 | D:10     | Noticed a two-headed ogre
 11359 | D:10     | Killed a two-headed ogre
 11359 | D:10     | Offered knowledge of Stone Arrow by Vehumet.
 11364 | D:10     | Learned a level 3 spell: Stone Arrow
 11386 | D:10     | Noticed Snorg
 11482 | D:10     | Found a blossoming altar of Fedhas.
 11521 | D:10     | Noticed a brown ugly thing
 11525 | D:10     | Killed a brown ugly thing
 11595 | D:10     | Found Naty's Assorted Antiques.
 11603 | D:10     | Bought a red potion for 25 gold pieces
 11603 | D:10     | Bought a scroll labelled OMAICE LIHEGIO for 28 gold pieces
 11603 | D:10     | Bought a scroll labelled POV TUQYKHIH for 28 gold pieces
 11603 | D:10     | Bought a metallic cyan potion for 25 gold pieces
 11603 | D:10     | Bought a metallic cyan potion for 25 gold pieces
 11743 | D:9      | Reached skill level 1 in Earth Magic
 11780 | D:9      | Reached skill level 1 in Ice Magic
 11910 | D:9      | Reached *** piety under Vehumet
 12227 | D:9      | Found an iron altar of Okawaru.
 12230 | D:9      | Found a shadowy altar of Dithmenos.
 12352 | D:9      | Noticed a swamp dragon
 12359 | D:9      | Killed a swamp dragon
 12844 | D:10     | Killed Snorg
 12851 | D:10     | Offered knowledge of Dazzling Flash by Vehumet.
 12954 | D:10     | Found Yruap's Jewellery Boutique.
 13010 | D:10     | Found a staircase to the Orcish Mines.
 13088 | D:10     | Found a hide-covered altar of Uskayaw.
 13629 | D:11     | Reached XP level 12. HP: 63/66 MP: 17/34
 13757 | D:11     | Reached **** piety under Vehumet
 13814 | D:11     | Offered knowledge of Ignite Poison by Vehumet.
 14284 | D:12     | Noticed Lodul
 14314 | D:12     | Killed Lodul
 14323 | D:12     | Reached skill level 10 in Conjurations
 14477 | D:12     | Found Cicecw Otosm's General Store.
 14600 | D:12     | Noticed Kirke
 14611 | D:12     | Killed Kirke
 14790 | D:12     | Noticed Rupert
 14871 | D:11     | Learned a level 7 spell: Orb of Destruction
 15272 | D:12     | Bought a potion of curing for 36 gold pieces
 15461 | D:12     | Killed Rupert
 15716 | D:8      | Killed Bravepunisher's ghost
 15853 | D:6      | Killed pokeman's ghost
 16145 | D:13     | Reached skill level 5 in Shields
 16196 | D:13     | Noticed a centaur warrior
 16200 | D:13     | Killed a centaur warrior
 16359 | D:13     | Reached skill level 10 in Fire Magic
 16512 | D:13     | Noticed a boulder beetle
 16529 | D:13     | Killed a boulder beetle
 16530 | D:13     | Reached XP level 13. HP: 70/70 MP: 4/37
 16827 | D:13     | Identified the +6 quarterstaff of Iczysty {heavy, rF+}
 17096 | D:13     | Noticed Azrael
 17116 | D:13     | Killed Azrael
 17243 | D:13     | Reached skill level 5 in Armour
 17434 | D:13     | Reached ***** piety under Vehumet
 17470 | D:13     | Offered knowledge of Ozocubu's Refrigeration by Vehumet.
 18200 | D:14     | Found Baem's Distillery.
 18203 | D:14     | Bought a potion of curing for 48 gold pieces
 18203 | D:14     | Bought a potion of heal wounds for 80 gold pieces
 18203 | D:14     | Bought a potion of heal wounds for 80 gold pieces
 18203 | D:14     | Bought a potion of degeneration for 16 gold pieces
 18347 | D:14     | Found a gate to the Vaults.
 18655 | D:14     | Found Jeupt's Pet Rocks.
 18862 | D:14     | Reached skill level 5 in Fighting
 18949 | D:14     | Found a transporter.
 18956 | D:14     | Found a transporter.
 18960 | D:14     | Noticed Teolusk's ghost (journeyman DsMo)
 18960 | D:14     | Noticed a shadow dragon
 18962 | D:14     | Noticed a fire dragon
 19204 | D:15     | Entered Level 15 of the Dungeon
 19224 | D:15     | Found Lusk's Book Shoppe.
 19832 | Lair:1   | Entered Level 1 of the Lair of Beasts
 20707 | Lair:1   | Reached XP level 14. HP: 62/78 MP: 15/40
 21350 | Lair:2   | Noticed Erica
 21354 | Lair:2   | Killed Erica
 21498 | Lair:2   | Offered knowledge of Flame Wave by Vehumet.
 21776 | Lair:2   | Found a hole to the Spider Nest.
 21817 | Lair:2   | Found a staircase to the Swamp.
 23931 | Lair:4   | Found a staircase to the Slime Pits.
 23931 | Lair:4   | Found a viscous altar of Jiyva.
 24168 | Lair:4   | Offered knowledge of Freezing Cloud by Vehumet.
 24193 | Lair:4   | Learned a level 5 spell: Freezing Cloud
 25532 | Lair:5   | Entered Level 5 of the Lair of Beasts
 25576 | Lair:5   | Found a gate leading to a gauntlet.
 25585 | Gauntlet | Entered a Gauntlet
 25585 | Gauntlet | Found a transporter.
 25585 | Gauntlet | Found a transporter.
 25591 | Gauntlet | Found a transporter.
 25596 | Gauntlet | Found a transporter.
 25623 | Gauntlet | Found a transporter.
 25636 | Gauntlet | Found a transporter.
 25637 | Gauntlet | Found a transporter.
 25644 | Gauntlet | Noticed a cacodemon
 25649 | Gauntlet | Found a transporter.
 25679 | Gauntlet | Found a transporter.
 25686 | Gauntlet | Found a transporter.
 25706 | Gauntlet | Found a transporter.
 25720 | Gauntlet | Found a transporter.
 25761 | Gauntlet | Found a transporter.
 25777 | Gauntlet | Found a transporter.
 26035 | Gauntlet | Identified the +4 pair of boots of Resourcefulness {Str+5}
 26215 | Gauntlet | Identified the ring "Dubbadar" {Fly Str+8}
 26316 | Gauntlet | Identified the +1 cloak of Minor Irritation {Int+2 Stlth+}
 26435 | Lair:5   | Reached skill level 1 in Necromancy
 26440 | Lair:5   | Noticed Nessos
 26449 | Lair:5   | Killed Nessos
 27467 | Lair:5   | Upgraded the game from 0.32-a0-128-g77eb882913 to
                  | 0.32-a0-131-g9dbbe29261
 27513 | Lair:5   | Reached XP level 15. HP: 84/84 MP: 35/42
 27556 | Lair:5   | Offered knowledge of Lee's Rapid Deconstruction by Vehumet.
 27564 | Lair:5   | Learned a level 5 spell: Lee's Rapid Deconstruction
 27998 | Lair:5   | Found a corrupted altar of Lugonu.
 27998 | Lair:5   | Found a one-way gate to the infinite horrors of the Abyss.
 28662 | Orc:1    | Entered Level 1 of the Orcish Mines
 29382 | Orc:1    | Found Doedd's Weapon Shoppe.
 29897 | Orc:2    | Entered Level 2 of the Orcish Mines
 30256 | Orc:2    | Found Ohyddaq's Antique Weapon Emporium.
 30320 | Orc:2    | Found a staircase to the Elven Halls.
 30492 | Orc:2    | Offered knowledge of Starburst by Vehumet.
 30592 | Orc:2    | Found Noegh's General Store.
 30598 | Orc:2    | Found Jeloj's Distillery.
 30663 | Orc:2    | Bought a scroll of blinking for 90 gold pieces
 30663 | Orc:2    | Bought a scroll of identify for 24 gold pieces
 30666 | Orc:2    | Bought a potion of curing for 42 gold pieces
 30666 | Orc:2    | Bought a potion of curing for 42 gold pieces
 31256 | Orc:2    | Found Fuim's Jewellery Boutique.
 31256 | Orc:2    | Found Citzeh's Antique Weapon Shop.
 31281 | Orc:2    | Found a one-way gate leading to the halls of Pandemonium.
 32810 | D:15     | Found a staircase to the Depths.
 33096 | Swamp:1  | Entered Level 1 of the Swamp
 33325 | Swamp:1  | Reached XP level 16. HP: 90/90 MP: 45/45
 33332 | Swamp:1  | Noticed Jorgrun
 33336 | Swamp:1  | Killed Jorgrun
 33445 | Swamp:1  | Noticed a thorn hunter
 33451 | Swamp:1  | Killed a thorn hunter
 34104 | Swamp:2  | Reached ****** piety under Vehumet
 34114 | Swamp:1  | Learned a level 6 spell: Starburst
 34190 | Swamp:2  | Offered knowledge of Eringya's Noxious Bog by Vehumet.
 35601 | Swamp:3  | Identified the granite talisman "Viejuc" {rCorr Int-4
                  | Dex+3}
 36127 | Swamp:3  | Reached skill level 15 in Conjurations
 36394 | Swamp:4  | Entered Level 4 of the Swamp
 36578 | Swamp:4  | Noticed a tentacled monstrosity
 36815 | Swamp:4  | Killed a tentacled monstrosity
 37056 | Swamp:4  | Offered knowledge of Lehudib's Crystal Spear by Vehumet.
 37589 | Swamp:4  | Identified the +1 cloak "Lapp" {rCorr Int+5}
 37652 | Swamp:4  | Reached XP level 17. HP: 96/96 MP: 46/48
 37974 | Swamp:4  | Learned a level 3 spell: Swiftness
 38172 | Swamp:4  | Reached skill level 15 in Fire Magic
 38325 | Swamp:4  | Got a decaying rune of Zot
 38855 | Spider:1 | Entered Level 1 of the Spider Nest
 39107 | Spider:1 | Offered knowledge of Fire Storm by Vehumet.
 39107 | Spider:1 | Offered knowledge of Chain Lightning by Vehumet.
 39107 | Spider:1 | Offered knowledge of Maxwell's Capacitive Coupling by
                  | Vehumet.
 39154 | Lair:2   | Learned a level 9 spell: Fire Storm
 39409 | D:15     | Bought an Everburning Encyclopedia for 494 gold pieces
 39418 | D:15     | Learned a level 8 spell: Ignition
 41366 | Spider:3 | Identified the +6 falchion "Tacepsiul" {pain, ^Fragile
                  | Str+3 Int+2}
 41396 | Spider:3 | Found a transporter.
 41400 | Spider:3 | Noticed Doehiogo's ghost (adept DsRe)
 41412 | Spider:3 | Found a transporter.
 41746 | Spider:4 | Entered Level 4 of the Spider Nest
 41922 | Spider:4 | Reached XP level 18. HP: 101/101 MP: 47/50
 42684 | Spider:4 | Identified the +2 orcbow "Cuats" {antimagic, rN++ Int+3
                  | Stlth-}
 43275 | Spider:4 | Got a gossamer rune of Zot
 43724 | Elf:1    | Entered Level 1 of the Elven Halls
 43726 | Elf:1    | Reached skill level 27 in Spellcasting
 44389 | Elf:1    | Got Synliari's Lessons on Dark Ceremonies
 45114 | Elf:2    | Paralysed by an air elemental for 1 turns
 45735 | Elf:2    | Reached XP level 19. HP: 108/108 MP: 11/52
 46039 | Elf:2    | Found a runed translucent gate.
 46039 | Elf:2    | Found a runed translucent gate.
 46039 | Elf:2    | Found a runed translucent gate.
 46272 | Elf:3    | Entered Level 3 of the Elven Halls
 46277 | Elf:3    | Found a magical portal.
 46305 | WizLab   | Entered Borgnjor's Mausoleum
 47402 | WizLab   | Got Borgnjor's Elucidation of Corpses
 47404 | WizLab   | Got the Compilation of Corpses
 48056 | Elf:3    | Reached skill level 10 in Fighting
 48065 | Elf:3    | Identified the serpent talisman of Tender Moments {rCorr
                  | MP+9 Str+3}
 48065 | Elf:3    | Noticed Aizul
 48071 | Elf:3    | Killed Aizul
 48504 | Elf:3    | Identified the amulet "Loith" {Acrobat rF+ Str+6}
 48809 | Elf:3    | Identified the ring of Joy {Wiz Int+2}
 48902 | Elf:3    | Got the Catalogue of Jinxing and Gases
 48903 | Elf:3    | Found the sphere of Battle
 48913 | Elf:3    | Identified the +3 ring mail "Opatz" {MP+9}
 48955 | Elf:3    | Identified the +3 scale mail "Ihauk" {+Blink rC- Str+6}
 48959 | Elf:3    | Identified the staff "Paleh" {*Corrode rElec rN+ Int+6 Conj
                  | Necro}
 49547 | Elf:3    | Identified the +1 cloak of Hepliaklqana's Outrage {*Corrode
                  | +Inv Dex+8 Stlth-}
 49567 | Elf:3    | Identified the staff of the Thing {+Blink rElec rC- rCorr
                  | Earth}
 49833 | Elf:2    | Reached XP level 20. HP: 95/119 MP: 42/53
 50620 | D:14     | Killed Teolusk's ghost
 50661 | D:14     | Identified the ring of Aleusim {rF+ AC+4 Str-4 Slay+3
                  | Stlth+}
 50975 | Spider:3 | Killed Doehiogo's ghost
 51530 | Slime:1  | Entered Level 1 of the Pits of Slime
 51534 | Slime:1  | Paralysed by a formless jellyfish for 1 turns
 53322 | Slime:5  | Entered Level 5 of the Pits of Slime
 53382 | Slime:5  | Noticed the Royal Jelly
 53385 | Slime:5  | Killed the Royal Jelly
 53386 | Slime:5  | Reached XP level 21. HP: 127/127 MP: 54/54
 53388 | Slime:5  | Reached skill level 10 in Armour
 53733 | Slime:5  | Identified the +7 bardiche of Governance {freeze, rF+
                  | Int+2}
 53781 | Slime:5  | Found the +5 moon troll leather armour {Spirit, Regen++
                  | MP+5}
 53783 | Slime:5  | Got a slimy rune of Zot
 53784 | Slime:5  | Identified the +6 hand axe "Qaishil" {freeze, rC+}
 53808 | Slime:5  | Identified the ring "Pykeamel" {rPois Int+3 Slay+4}
 54509 | Slime:5  | Identified the ring "Poghungu" {Fly rF+ rCorr AC+4}
 54523 | Slime:5  | Identified the ring "Liuhuurch" {rC+ Dex+6 Stlth+}
 54898 | Vaults:1 | Entered Level 1 of the Vaults
 55531 | Vaults:1 | Found Isyn's Distillery.
 55539 | Vaults:1 | Bought a potion of curing for 36 gold pieces
 55539 | Vaults:1 | Bought a potion of curing for 36 gold pieces
 55539 | Vaults:1 | Bought a potion of curing for 36 gold pieces
 55539 | Vaults:1 | Bought a potion of heal wounds for 60 gold pieces
 56086 | Vaults:1 | Found a large runed translucent door.
 56086 | Vaults:1 | Found a large runed translucent door.
 56086 | Vaults:1 | Noticed HilariousDeathArtist's ghost (adept DgGl)
 56103 | Vaults:1 | Killed HilariousDeathArtist's ghost
 56801 | Vaults:2 | Reached skill level 5 in Necromancy
 57822 | Vaults:3 | Reached XP level 22. HP: 94/132 MP: 48/55
 57919 | Vaults:3 | Found a staircase to the Crypt.
 58966 | Vaults:3 | Found Peshor's Armour Shop.
 59006 | Vaults:3 | Identified the +7 mace of the Hugging Sybil {freeze, rN++
                  | rCorr}
 59621 | Vaults:4 | Noticed Jory
 59624 | Vaults:4 | Killed Jory
 60229 | Vaults:4 | Identified the ring of Oxithrohu {Ice rN++ Str+4}
 60372 | Vaults:5 | Entered Level 5 of the Vaults
 60372 | Vaults:5 | Noticed an ancient lich
 60374 | Vaults:5 | Killed an ancient lich
 60375 | Vaults:5 | Reached XP level 23. HP: 136/136 MP: 47/56
 60424 | Vaults:5 | Noticed a dread lich
 60426 | Vaults:5 | Killed a dread lich
 60427 | Vaults:5 | Reached skill level 10 in Necromancy
 60428 | Vaults:5 | Noticed Xtahua
 60856 | Vaults:5 | Identified the +8 hand axe "Killer Bee's Death" {elec,
                  | Dex+2 SInv}
 60861 | Vaults:4 | Killed Xtahua
 61782 | Vaults:5 | Identified the +8 scimitar of Veugoroxo {protect, rElec
                  | rPois MP+9 Dex+2}
 61814 | Vaults:5 | Noticed a dread lich
 61816 | Vaults:5 | Killed a dread lich
 62640 | Temple   | Identified a scroll of acquirement
 62641 | Temple   | Acquired the +2 pair of gloves "Birotus" {rF+ rCorr Slay-4
                  | Stlth+}
 63205 | Vaults:5 | Identified the +1 plate armour "Bioteff" {*Corrode rC++
                  | Regen+ Dex+3}
 63234 | Vaults:5 | Found the +6 arbalest "Damnation" {damnation}
 63295 | Vaults:5 | Identified the ring of New Discoveries {Int+6 Stlth+}
 63472 | Vaults:5 | Identified the +1 scale mail of Zerer {+Blink rN+ Regen+}
 63553 | Vaults:5 | Got a silver rune of Zot
 63739 | Vaults:5 | Identified the +1 great sword of Ashenzari's Wrath {flame,
                  | ^Contam *Rage rPois MP+9}
 63787 | Vaults:5 | Identified the ring of Disaster {rPois MP+9 Str+2 Int+4}
 63984 | Vaults:5 | Identified the +5 leather armour of the Barber Surgeon
                  | {rPois rF+}
 63994 | Vaults:5 | Identified the staff "Exaku" {rF+ Conj Air}
 64979 | Depths:1 | Entered Level 1 of the Depths
 65446 | Depths:1 | Reached XP level 24. HP: 142/142 MP: 56/56
 65472 | Depths:1 | Found a gateway to Hell.
 65955 | Depths:1 | Found a sparkling altar of Nemelex Xobeh.
 66877 | Depths:2 | Found a broken altar of Ashenzari.
 68023 | Depths:3 | Identified the staff "Sarcophage" {rElec rF- rC+++ Dex+4
                  | Earth}
 68055 | Depths:3 | Identified the staff of Zin's Generosity {rPois rN+ Earth}
 68102 | Depths:3 | Found the +5 Storm Queen's Shield {shock, Fly rElec}
 68107 | Depths:3 | Identified the staff "Grim" {MP+9 Int+4 SInv Earth}
 68121 | Depths:3 | Found a one-way gateway to a ziggurat.
 68831 | Depths:4 | Entered Level 4 of the Depths
 68863 | Depths:4 | Reached XP level 25. HP: 70/148 MP: 56/56
 69126 | Depths:4 | Noticed Grunn
 69128 | Depths:4 | Killed Grunn
 69412 | Depths:4 | Found a gate to the Realm of Zot.
 70399 | Crypt:1  | Entered Level 1 of the Crypt
 70483 | Crypt:1  | Reached skill level 27 in Conjurations
 70660 | Crypt:1  | Reached skill level 15 in Necromancy
 70965 | Crypt:1  | Identified the +5 robe of the Black Moon {+Inv rPois}
 72160 | Crypt:3  | Entered Level 3 of the Crypt
 72227 | Crypt:3  | Found a runed translucent gate.
 72227 | Crypt:3  | Found a runed translucent gate.
 72227 | Crypt:3  | Found a runed translucent gate.
 72230 | Crypt:3  | Noticed Neghedd's ghost (veteran GrEE)
 72390 | Crypt:3  | Identified the ring of Pithrast {Ice ^Contam rPois Str+3
                  | Dex+3}
 72390 | Crypt:3  | Noticed Josephina
 72392 | Crypt:3  | Killed Josephina
 73245 | Crypt:3  | Found a staircase to the Tomb.
 73322 | Crypt:3  | Reached XP level 26. HP: 156/156 MP: 56/56
 73384 | Crypt:3  | Found a basalt altar of Yredelemnul.
 73390 | Crypt:3  | Found an ancient bone altar of Kikubaaqudgha.
 73426 | Crypt:3  | Got the Vellum of the Shrike
 73433 | Crypt:3  | Acquired 762 gold pieces
 73485 | Crypt:3  | Identified the ring of the Camelopard {rCorr AC+4 Str+2}
 73597 | Crypt:3  | Identified the +3 war axe of Untruth {elec, rPois rN+}
 73651 | Crypt:3  | Killed Neghedd's ghost
 74602 | Zot:1    | Entered Level 1 of the Realm of Zot
 75858 | Zot:2    | Noticed Parghit
 75862 | Zot:2    | Killed Parghit
 76029 | Zot:2    | Identified the +2 pair of boots of Fortification {Will+
                  | Dex+4}
 77704 | Zot:4    | Identified the +0 robe of Koigg {^Contam Fly Str+3}
 78286 | Zot:4    | Reached XP level 27. HP: 163/163 MP: 56/56
 78436 | Zot:4    | Reached skill level 27 in Fire Magic
 78437 | Zot:4    | Reached skill level 10 in Shields
 78987 | D:14     | Bought a potion of heal wounds for 80 gold pieces
 78987 | D:14     | Bought a potion of heal wounds for 80 gold pieces
 78987 | D:14     | Bought a potion of mutation for 128 gold pieces
 78987 | D:14     | Bought a potion of haste for 160 gold pieces
 79127 | Orc:2    | Bought a potion of haste for 140 gold pieces
 79127 | Orc:2    | Bought a potion of haste for 140 gold pieces
 79355 | Vaults:1 | Bought 2 potions of haste for 240 gold pieces
 79355 | Vaults:1 | Bought a potion of mutation for 96 gold pieces
 79355 | Vaults:1 | Bought a potion of mutation for 96 gold pieces
 79565 | D:10     | Bought a potion of magic for 224 gold pieces
 80178 | Zot:5    | Entered Level 5 of the Realm of Zot
 80903 | Zot:5    | Noticed a dread lich
 80905 | Zot:5    | Killed a dread lich
 80910 | Zot:5    | Noticed an orb of fire
 80911 | Zot:5    | Noticed a dread lich
 80912 | Zot:5    | Gained mutation: You have hidden genetic defects. [an orb
                  | of fire]
 80913 | Zot:5    | Killed an orb of fire
 80913 | Zot:5    | Killed a dread lich
 80928 | Zot:5    | Noticed an orb of fire
 80931 | Zot:5    | Killed an orb of fire
 80949 | Zot:5    | Noticed a dread lich
 80951 | Zot:5    | Killed a dread lich
 81066 | Zot:5    | Noticed an ancient lich
 81068 | Zot:5    | Killed an ancient lich
 81211 | Zot:5    | Gained mutation: You do not regenerate when monsters are
                  | visible. [hidden defects]
 81216 | Zot:5    | Noticed an orb of fire
 81220 | Zot:5    | Killed an orb of fire
 81762 | Temple   | Lost mutation: You have hidden genetic defects. [potion of
                  | mutation]
 81762 | Temple   | Lost mutation: You do not regenerate when monsters are
                  | visible. [potion of mutation]
 81762 | Temple   | Gained mutation: You do not regenerate when monsters are
                  | visible. [potion of mutation]
 81762 | Temple   | Gained mutation: Your spells are a little harder to cast,
                  | but a little more powerful. [potion of mutation]
 81763 | Temple   | Lost mutation: You do not regenerate when monsters are
                  | visible. [potion of mutation]
 81763 | Temple   | Lost mutation: Your spells are a little harder to cast, but
                  | a little more powerful. [potion of mutation]
 81763 | Temple   | Gained mutation: You possess an exceptional clarity of
                  | mind. [potion of mutation]
 81763 | Temple   | Gained mutation: You occasionally lose the ability to read
                  | scrolls when taking damage. [potion of mutation]
 81763 | Temple   | Gained mutation: You have a pair of small horns on your
                  | head. [potion of mutation]
 81764 | Temple   | Lost mutation: You occasionally lose the ability to read
                  | scrolls when taking damage. [potion of mutation]
 81764 | Temple   | Lost mutation: You have a pair of small horns on your head.
                  | [potion of mutation]
 81764 | Temple   | Gained mutation: Your mind is acute. (Int +4, Str/Dex -1)
                  | [potion of mutation]
 81764 | Temple   | Gained mutation: You are somewhat resistant to further
                  | mutation. [potion of mutation]
 82352 | Zot:5    | Noticed an orb of fire
 82355 | Zot:5    | Killed an orb of fire
 82405 | Zot:5    | Noticed an orb of fire
 82408 | Zot:5    | Killed an orb of fire
 82408 | Zot:5    | Noticed a dread lich
 82411 | Zot:5    | Killed a dread lich
 82668 | Zot:5    | Got the Orb of Zot
 82902 | Depths:1 | Noticed Esilucs the pandemonium lord
 83242 | D:$      | Escaped with the Orb!

Illustrated notes

Levels and vault maps discovered:
D:1:      dpeg_arrival_tiny_j, layout_basic
D:2:      layout_rooms
D:3:      layout_rooms, nicolae_elevator_lobby_asterisk
D:4:      layout_loops_ring, kennysheep_mini_moat, minmay_misc_feat_five,
          serial_bayou_pond_e
D:5:      layout_basic, worldfamousw_hep_ancestral_shrine,
          mainiacjoe_overflow_paths, minmay_temple_entry_statues_fountains,
          uniq_sigmund
D:6:      layout_loops_ring, grunt_temple_overflow_holy_war, bloody_trog,
          zin_scriptorium, mainiacjoe_overflow_cross_hatched,
          hellmonk_ghost_happy_afterlife, uniq_pikel, uniq_eustachio
D:7:      layout_loops_corners, amethyst_overflow_temple_binary,
          minmay_strange_pillars, hangedman_decor_growths, kb_rosetta,
          uniq_joseph, uniq_maggie
D:8:      cheibrodos_wizards_tower, layout_basic, general_overflow_altar,
          ebering_ghost_funeral_grove
D:9:      layout_irregular_city, grunt_temple_overflow_open,
          due_lair_maze_entry_diamond, dreamdust_gnoll_shepherd
D:10:     layout_gridville, overflow_temple_1_default,
          nicolae_uskayaw_murder_on_the_dancefloor, orc_0_dummy, serial_shops,
          nicolae_shop_getting_attention, shop, uniq_snorg
D:11:     layout_basic, kennysheep_generic_room_14
D:12:     layout_stronghold, serial_shops, nicolae_inconvenience_store,
          uniq_lodul, uniq_kirke, uniq_rupert
D:13:     layout_roguey, minmay_misc_feat_diagonals, uniq_azrael
D:14:     layout_long_grid, david_vaults_2, gammafunk_ghost_berserking_beasts,
          serial_shops, nicolae_shop_behind_doors, guppyfry_shop_earth
D:15:     grunt_enter_depths_snipers, layout_irregular_city, serial_shops,
          nicolae_book_shop_shelving
Temple:   nicolae_temple_superstar
Lair:1:   layout_long_grid, minmay_shattered_shrine
Lair:2:   layout_loops_ring, minmay_swamp_entry_eels,
          spider_nest_entry_funnel_web, uniq_erica
Lair:3:   layout_regular_city
Lair:4:   layout_regular_city, slime_entry_1, minivault_19, beast_lair_carwin_6,
          grunt_megastairs_5
Lair:5:   hellmonk_lair_end_abyssal_woods, layout_gridlike,
          gauntlet_entry_generic, nicolae_lair_liquid_snakes, uniq_nessos
Swamp:1:  layout_basic_swamp, evilmike_swamp_ruin_house_3,
          nicolae_swamp_tree_designs, uniq_jorgrun
Swamp:2:  layout_basic_swamp, evilmike_swamp_ruin_house_1, swamp_pool_4,
          nicolae_swamp_fairy_circle, infiniplex_staircase_pool
Swamp:3:  tekkud_swamp_unearthing_site, layout_falls_marsh,
          evilmike_swamp_ruin_rubble_1, nicolae_swamp_little_tower,
          nicolae_swamp_oxbows
Swamp:4:  nzn_swamp_witches_coven, layout_basic_swamp, swamp_pool_1_2
Spider:1: layout_spider_delve, drop_trap, nicolae_spider_rock_and_or_roll
Spider:2: layout_spider_delve
Spider:3: layout_spider_delve, gammafunk_ghost_arena
Spider:4: grunt_spider_rune_circles
Slime:1:  layout_caves
Slime:2:  layout_caves, cheibrodos_slime_lost_civilization_7
Slime:3:  layout_caves
Slime:4:  layout_caves
Slime:5:  slime_pit_nicolae_royal_road_to_ruin
Orc:1:    hellmonk_paralyzer, layout_caves, serial_shops, shop,
          nicolae_orc_seminary
Orc:2:    pf_orc_diabolical, layout_caves, serial_shops, shop
Elf:1:    minmay_elf_arrival_plus, layout_geoelf_diagonals,
          minmay_elf_necromancy, amcnicky_mini_pool_small
Elf:2:    nicolae_elf_blades_splatter_lattice [nooodl_blade_entry_preview],
          layout_loops_cross
Elf:3:    minmay_elf_hall_quartered_circle, layout_geoelf_grid,
          mu_enter_wizlab_1, grunt_ministairs_13, uniq_aizul
Vaults:1: advil_vaults_ghost_guards, dpeg_vaults_waves, ontoclasm_vaults_tryst,
          nicolae_vaults_trapezoid_lopsided_1, nicolae_vaults_tetromino_Z_1,
          v_misc_9, v_misc_16, nicolae_vaults_six-pack,
          vaults_room_grunt_arrival_ludios, layout_vaults_omnigrid,
          serial_shops, shop
Vaults:2: nicolae_vaults_tetromino_L_1, v_pattern_4,
          nicolae_vaults_circle_grid_a, nicolae_vaults_angled_halls,
          nicolae_vaults_diamond_1, nicolae_vaults_sealed_display,
          ontoclasm_vaults_chip, vaults_room_pool, ontoclasm_vaults_spin,
          hangedman_vaults_maws, hangedman_vaults_trim, layout_vaults_big_room
Vaults:3: vaults_room_boxed, blue_anna_dwarven_crypt, hangedman_vaults_hat,
          vaults_mumra_minichess, ontoclasm_vaults_eye, vaults_room_ringed_pool,
          v_rooms_1, nicolae_vaults_weapon_check, vaults_dpeg_emergency_exit,
          vaults_room_semicircle, layout_vaults_ring, serial_shops,
          nicolae_shop_window_shopping
Vaults:4: vaults_mumra_hexcomb, nicolae_vaults_house_2, v_alt_pattern_6,
          grunt_vaults_hallway_long, st_more_cells,
          nicolae_vaults_storage_closets_3, hangedman_vaults_restitches,
          nicolae_vaults_heist, vaults_standard_mumra_enter_the_diamond,
          nicolae_vaults_house_3, layout_vaults_omnibox, uniq_jory
Vaults:5: uniq_xtahua
Crypt:1:  layout_rooms, nicolae_crypt_paired_memorials,
          grunt_crypt_arrival_split
Crypt:2:  layout_misc_corridors
Crypt:3:  lightli_unholy_cathedral, layout_chaotic_city,
          nicolae_tomb_entry_unfolded_pyramid_orthogonal,
          gammafunk_ghost_spectres, minmay_misc_feat_cross,
          nicolae_crypt_booths_of_the_dead, uniq_josephina
Depths:1: layout_basic, serial_library, serial_library_regret_index_headful,
          serial_library_hellmonk_small_alcove,
          serial_library_regret_index_branch_corner,
          serial_library_hellmonk_secret_room,
          serial_library_regret_index_multi, serial_library_hellmonk_big_corner,
          serial_library_hellmonk_open_cross, nemelex_diamond_rough_becter,
          hell_entry, abyss_entry
Depths:2: hourglass_vault, layout_twisted_cross, grunt_hell_entry_dis_grunt,
          cheibrodos_ashenzari_chains, grunt_pan_entry_sceptre, minivault_16,
          minmay_fountain_box, infiniplex_staircase_pool_2
Depths:3: radiant_caverns_b_rkd, hell_entry, abyss_entry
Depths:4: grunt_twist_and_shout, layout_basic, grunt_pan_entry_in_and_out,
          corexii_hall_statues_i, hell_entry, uniq_grunn
Zot:1:    nicolae_zot_stationary_front, layout_onion, nicolae_lava_and_water
Zot:2:    layout_gridville, regret_index_zot_stipple_split, grunt_megastairs_1,
          uniq_parghit
Zot:3:    grunt_zot_stairs_faceoff, layout_twisted_circle
Zot:4:    layout_misc_corridors, hangedman_zot_diagonal_lockstep,
          grunt_ministairs_11, st_small_dragon_hoard_1,
          regret_index_zotdec_iron_s
Zot:5:    layout_gridville

Skill      XL: |  1  2  3  4  5  6  7  8  9 10 11 12 13 14 15 16 17 18 19 20 21 22 23 24 25 26 27 |
---------------+----------------------------------------------------------------------------------+-----
Spellcasting   | 5 6 7 9 11 12 14 16 18 20 21 23 25 26 27 | 27.0
Armour         | 1 2 3 4 5 6 7 8 9 11 12 13 14 | 14.0
Fighting       | 1 2 3 4 5 6 7 8 10 12 13 14 | 14.0
Conjurations   | 2 3 4 5 6 8 9 10 12 13 14 15 16 17 19 20 22 23 25 26 27 | 27.0
Dodging        | 3 |  3.1
Stealth        | 3 |  3.0
Air Magic      | 1 2 |  2.2
Alchemy        | 1 |  1.1
Evocations     | 1 |  1.0
Fire Magic     | 1 3 5 7 8 10 11 12 13 14 15 17 18 20 21 22 23 25 26 27 | 27.0
Shields        | 3 5 6 7 9 10 | 10.7
Earth Magic    | 1 |  1.0
Ice Magic      | 1 |  1.0
Necromancy     | 2 6 9 12 14 16 18 22 | 22.9
Summonings     | |  1.1
Translocations | |  1.1

Action                     |  1- 3 |  4- 6 |  7- 9 | 10-12 | 13-15 | 16-18 | 19-21 | 22-24 | 25-27 || total
---------------------------+-------+-------+-------+-------+-------+-------+-------+-------+-------++-------
  Melee: Dagger            |    23 |    42 |    79 |     8 |       |       |       |       |       ||   152
         Punch             |     2 |     1 |     6 |    10 |     3 |       |       |       |       ||    22
         Falchion          |       |       |    32 |       |       |       |       |       |       ||    32
         Staff             |       |       |     3 |    76 |    55 |       |     4 |     1 |       ||   139
   Cast: Magic Dart        |   129 |    66 |   149 |    47 |    73 |    19 |     6 |    21 |     7 ||   517
         Mephitic Cloud    |     4 |     7 |    22 |    28 |    14 |     4 |       |       |       ||    79
         Call Imp          |       |     7 |     6 |     3 |     1 |     1 |       |       |     1 ||    19
         Fireball          |       |       |    10 |   174 |   457 |   382 |   301 |   184 |    32 ||  1540
         Blink             |       |       |     2 |     8 |     7 |     3 |     4 |     6 |    14 ||    44
         Iskenderun's Batt |       |       |       |     8 |    19 |    16 |     5 |       |       ||    48
         Stone Arrow       |       |       |       |     5 |    44 |    51 |    50 |    12 |     4 ||   166
         Orb of Destructio |       |       |       |     1 |     6 |    26 |     5 |     2 |     3 ||    43
         Freezing Cloud    |       |       |       |       |    21 |     5 |     7 |     9 |     1 ||    43
         Starburst         |       |       |       |       |       |     8 |       |       |       ||     8
         Ignition          |       |       |       |       |       |    54 |    65 |    30 |     3 ||   152
         Fire Storm        |       |       |       |       |       |       |    14 |   187 |   383 ||   584
         Swiftness         |       |       |       |       |       |       |       |     3 |       ||     3
         Lee's Rapid Decon |       |       |       |       |       |       |       |    11 |       ||    11
  Evoke: Wand              |       |       |     3 |     3 |    11 |     1 |     2 |     3 |     7 ||    30
         Lightning rod     |       |       |       |       |       |       |     2 |       |       ||     2
    Use: Scroll            |       |       |       |     1 |    22 |     3 |     2 |     5 |    16 ||    49
         Potion            |       |       |       |       |     2 |       |     1 |       |     5 ||     8
   Stab: Confused          |     5 |     7 |    15 |     9 |     4 |       |       |       |       ||    40
         Paralysed         |       |       |     9 |       |       |       |       |       |       ||     9
 Armour: Robe              |    18 |    51 |    42 |       |       |       |       |       |       ||   111
         Steam dragon scal |       |       |     9 |    61 |       |       |       |       |       ||    70
         Leather armour    |       |       |       |     3 |   139 |    20 |       |       |       ||   162
         Swamp dragon scal |       |       |       |       |       |    42 |    88 |    67 |       ||   197
         Fire dragon scale |       |       |       |       |       |       |       |    15 |    24 ||    39
         Shadow dragon sca |       |       |       |       |       |       |       |       |    55 ||    55
  Dodge: Dodged            |    21 |    36 |    62 |    71 |    79 |    19 |    18 |    30 |    20 ||   356
  Block: Other             |       |       |       |     5 |     8 |       |       |       |       ||    13
         Reflection        |       |       |       |       |     6 |     4 |     1 |       |       ||    11
         Buckler           |       |       |       |       |    17 |    27 |    13 |       |       ||    57

Table legend: (Time is in decaauts)
 A = Elapsed time spent in this place.
 B = Non-inter-level travel time spent in this place.
 C = Inter-level travel time spent in this place.
 D = Time resting spent in this place.
 E = Time spent auto-exploring this place.
 F = Levels seen in this place.
 G = Mean time per level.
                   A        B        C        D        E       F      G
               +--------+--------+--------+--------+--------+-----+--------+
         Total |  83541 |  69809 |  13732 |   9529 |  48935 |  58 | 1440.4 |
       Dungeon |  27639 |  20025 |   7614 |   1938 |  14888 |  15 | 1842.6 |
        Temple |    439 |    401 |     38 |      0 |      0 |   1 |  439.0 |
          Lair |   8678 |   7394 |   1284 |    658 |   5849 |   5 | 1735.6 |
         Swamp |   5412 |   5157 |    255 |    958 |   3671 |   4 | 1353.0 |
   Spider Nest |   4200 |   3905 |    295 |   1391 |   1936 |   4 | 1050.0 |
    Slime Pits |   2643 |   2241 |    402 |     17 |   1802 |   5 |  528.6 |
  Orcish Mines |   3018 |   2760 |    258 |    508 |   1844 |   2 | 1509.0 |
   Elven Halls |   4773 |   4393 |    380 |    652 |   2721 |   3 | 1591.0 |
        Vaults |   9441 |   7583 |   1858 |   1334 |   5233 |   5 | 1888.2 |
         Crypt |   3384 |   3325 |     59 |    283 |   2574 |   3 | 1128.0 |
        Depths |   5731 |   4988 |    743 |    264 |   3966 |   4 | 1432.8 |
           Zot |   6113 |   5573 |    540 |    738 |   3906 |   5 | 1222.6 |
        Wizlab |   1219 |   1219 |      0 |    673 |    305 |   1 | 1219.0 |
      Gauntlet |    844 |    844 |      0 |    115 |    238 |   1 |  844.0 |
               +--------+--------+--------+--------+--------+-----+--------+

Top non-repeatable levels by time:
    D:11: 2955 daAuts
    D:14: 2754 daAuts
     D:6: 2747 daAuts
Vaults:4: 2669 daAuts
Vaults:1: 2399 daAuts
     D:9: 2379 daAuts
     D:7: 2311 daAuts
  Lair:1: 2160 daAuts
  Lair:4: 2055 daAuts
     D:8: 2002 daAuts
   Elf:2: 1842 daAuts
    D:15: 1799 daAuts
 Swamp:3: 1775 daAuts
   Orc:2: 1758 daAuts
    D:13: 1756 daAuts
